cohdb
Replays
Latest Replays
All Replays
Popular Replays
Top Player Replays
Match Explorer
How It Works
Community
CoH3 Stats
Reddit
Sign in to upload your games and track your stats! →
Sign in with Steam
Match 29346142
Unlisted
Match 29346142
Overview
Messages
Build Orders
End
Selects Airborne Battlegroup
Selects Heavy Machine Gun Paradrop
Heavy Machine Gun Paradrop
Construct Barracks
Riflemen Squad
Riflemen Squad
Infantry Support Center
Riflemen Squad
Demolitions Package
Selects Paratrooper Squad Paradrop
Paratrooper Squad Paradrop
Construct Medical Station
M1918 Browning Automatic Rifles
Grenade Package
Riflemen Squad
Riflemen Squad
Munitions Surplus
Advanced Logistics
Riflemen Squad
Survival Training
Riflemen Squad
Paratrooper Squad Paradrop
Riflemen Squad
Paratrooper Squad Paradrop
BarneyStinson
^3
0
0
Comments
sign in to comment!
No comments posted yet!